Winsometimes, chaotic male human Rogue --------- |.......| |....@..| ----- |..._...| |... |.......| --------- --..--------- | |.......| | --.......-- --...|.......| |. ----.---- .|--......$.)---....|...@...| D...-.......... |.............||.%......).%)+)...$$.)_...| @ . ---.........-----....%...%---.)..|...%...| . -----|----- --...%)..-- --...|.......| | --....@..-- ----|---- --..--------- @D - --.........--------@`)| |... &..H& |...........|.).%D))..| ----- . --.........--..%------- . --..D....--..@.| - . ----&----...--- |...)[..@Aq.@...| ----------------- Winsometimes the Filcher Experience level: 22 Strength: 21 Dexterity: 16 Constitution: 15 Intelligence: 12 Wisdom: 16 Charisma: 12 Health: 43(120) Energy: 77(145) Def: 11 Gold: 0 Moves: 58596 Dungeon seed: NjchJmzrHp2qq0NL Game ID: Winsometimes_1524079390 Your Inventory: Amulets s - an uncursed cheap plastic imitation of the Amulet of Yendor N - an uncursed greased amulet of reflection (being worn) Weapons B - an uncursed +6 worm tooth M - the blessed rustproof +6 Frost Brand Armor h - an uncursed thoroughly rusty corroded +0 helmet of carrying n - a blessed thoroughly burnt +5 pair of jumping boots q - a blessed greased +3 blue dragon scale mail named yee_boii (embedded in your skin) t - an uncursed rustproof +4 pair of gauntlets of power Comestibles d - 2 uncursed lembas wafers k - 6 uncursed lumps of royal jelly A - 3 uncursed Drugs C - 2 uncursed food rations S - 3 uncursed female lizard corpses Rings p - an uncursed ring of free action r - an uncursed +5 ring of increase damage (on right foreclaw) Q - a blessed ring of conflict named conflict baby (on left foreclaw) Wands a - an uncursed wand of polymorph (0:4) i - an uncursed wand of probing (0:3) m - a blessed wand of teleportation (0:6) v - an uncursed rusty wand of fire (0:0) E - an uncursed wand of cold (0:2) F - an uncursed wand of cancellation (0:0) G - an uncursed rusty wand of fire (0:1) H - an uncursed wand of magic missile (0:0) J - a cursed wand of speed monster (0:5) L - an uncursed wand of magic missile (0:0) O - an uncursed wand of polymorph (0:5) U - an uncursed wand of digging (0:5) W - an uncursed wand of polymorph (0:3) Y - an uncursed wand of slow monster (0:0) Z - an uncursed wand of digging (0:5) Tools b - a blessed oil lamp (lit) (0:1237) f - a blessed bag of holding w - an uncursed +0 unicorn horn D - a cursed towel (being worn) K - the uncursed Master Key of Thievery R - the uncursed Candelabrum of Invocation (7 candles attached) (0:198) Gems u - a blessed luckstone Contents of the bag of holding: 3755 gold pieces a cursed amulet of reflection an uncursed very burnt +0 pair of levitation boots 5 uncursed K-rations an uncursed cram ration an uncursed fortune cookie an uncursed male lizard corpse 2 uncursed melons an uncursed scroll of blank paper an uncursed scroll of blank paper 2 uncursed scrolls of blank paper a cursed scroll of blank paper 2 uncursed scrolls of confuse monster 3 blessed scrolls of teleportation 8 uncursed scrolls of teleportation a blessed diluted potion of fruit juice an uncursed diluted potion of invisibility an uncursed potion of levitation a blessed +1 ring of carrying and aggravate monster an uncursed ring of polymorph control an uncursed wand of cold (0:0) an uncursed rusty wand of death (0:0) a cursed wand of digging (0:6) an uncursed wand of digging (0:4) an uncursed wand of digging (0:4) an uncursed wand of digging (0:3) an uncursed rusty wand of make invisible (0:3) an uncursed wand of polymorph (0:5) an uncursed wand of slow monster (0:0) an uncursed wand of speed monster (0:8) a cursed wand of striking (0:7) an uncursed wand of striking (0:0) an uncursed wand of summoning (0:0) an uncursed wand of summoning (0:0) an uncursed wand of teleportation (0:6) an uncursed wand of teleportation (0:5) an uncursed wand of teleportation (0:5) a cursed wand of teleportation (0:5) an uncursed wand of teleportation (0:4) a blessed fireproof wand of teleportation (0:0) an uncursed brass lantern (0:1187) Spells and supernatural/magical abilities: Name Level Category Cost Memory a - force bolt 1 attack 8pw 71% d - dig 2 matter 16pw 73% f - fireball 4 attack 4000pw 53% h - healing 1 healing 8pw 57% j - jumping 1 escape 8pw 71% k - knock 1 matter 8pw 31% l - light 1 divination 8pw 86% m - magic missile 2 attack 16pw 42% n - detect monsters 1 divination 8pw 85% o - cone of cold 4 attack 4000pw 96% p - protection 1 clerical 8pw 40% r - remove curse 3 clerical 34pw 16% u - confuse monster 2 enchantment 16pw 17% v - clairvoyance 3 divination 25pw 73% w - wizard lock 2 matter 16pw 48% x - extra healing 3 healing 34pw 23% z - sleep 1 enchantment 8pw 42% B - cure blindness 2 healing 16pw 19% D - drain life 2 attack 16pw 70% H - speed monster 3 escape 25pw 24% K - cure sickness 3 healing 34pw 24% L - levitation 4 escape 40pw 40% M - magic mapping 5 divination 5000pw 94% O - summoning 2 clerical 16pw 97% R - restore ability 4 healing 4000pw 48% S - stone to flesh 3 healing 34pw 85% T - turn undead 6 clerical 6000pw 51% U - detect unseen 3 divination 25pw 86% V - teleportitis -- ability ? -- W - pray for help -- divine ? -- Z - breathe electricity -- ability ? -- Your skills at the end: Fighting Skills two weapon combat [Skilled] wands [Skilled] Weapon Skills dagger [Expert] knife [Expert] short sword [Basic] long sword [Skilled] two-handed sword [Basic] Spellcasting Skills divination spells [Basic] escape spells [Basic] Final Attributes: You were devoutly aligned. You were fire resistant. You were cold resistant. You were sleep resistant. You were disintegration-resistant. You were immune to electricity. You were poison resistant. You were blinded. You saw invisible. You were telepathic. You were warned. You had automatic searching. You were visible. You were stealthy. You aggravated monsters. You were conflicting. You could teleport at will. You had teleport control. You could fly. You had a +5 damage bonus. You were polymorphed into a blue dragon. You were very fast. You had reflection. You were lucky. You had extra luck. Good luck did not time out for you. You angered your god 142 turns ago. Kos was extremely exalted with you.. You survived after being killed 4 times. Vanquished creatures: Asmodeus Baalzebub Orcus Juiblex The Wizard of Yendor (12 times) Death Pestilence (twice) Famine a high priest 2 mastodons Medusa 17 krakens an Archon 5 iron golems a storm giant 2 titans 4 glass golems 3 balrogs 8 purple worms 2 gray dragons 3 silver dragons 4 shimmering dragons 2 red dragons 3 white dragons 3 orange dragons 4 black dragons 8 blue dragons 2 green dragons 2 yellow dragons 29 minotaurs 2 jabberwocks 12 pit fiends The Master Assassin 8 baluchitheria 26 Angels Vlad the Impaler 7 stone golems 6 Olog-hai 6 Nazgul 3 sandestins 4 hell hounds 10 titanotheres 5 trappers 3 baby yellow dragons 27 guardian nagas 33 vampire lords 6 shades 5 skeletons 32 aligned priests 4 captains 5 water trolls 5 clay golems 10 nurses 4 ice devils 7 nalfeshnees 4 lurkers above an Aleax 3 ettins 4 golden nagas 8 black puddings 22 vampires 32 ghosts 6 lieutenants a watch captain a healer a rogue 2 valkyries a queen bee 4 winged gargoyles 6 mind flayers 15 giant mimics 12 zruties 10 fire giants 3 ogre kings 3 ice trolls a rock troll 6 umber hulks 6 flesh golems 2 Elvenkings a doppelganger 18 hezrous 15 bone devils 10 large mimics 2 wumpuses 4 fire vortices a baby long worm 10 long worms a couatl 13 stalkers 20 air elementals 4 fire elementals 9 earth elementals 9 water elementals a hill giant 5 giant mummies 3 black nagas 5 xorns 16 giant zombies an elf-lord 21 sergeants 5 water demons 4 barbed devils 14 vrocks 2 salamanders 7 wargs 3 winter wolves 3 hell hound pups 18 small mimics 2 glass piercers 10 warhorses 11 steam vortices 14 xans 4 ettin mummies 2 ogre lords 6 quantum mechanics 6 trolls a sasquatch 6 wood golems an erinys 7 mariliths a djinni 7 sharks 8 electric eels 11 gelatinous cubes 11 pyrolisks a large dog 5 freezing spheres 3 flaming spheres 10 shocking spheres 2 large cats 12 tigers 8 gargoyles 3 dwarf kings 4 tengu 6 ochre jellies 11 leocrottas 9 energy vortices 7 stone giants 3 elf mummies 7 human mummies 11 red nagas 9 green slimes 5 pit vipers 6 pythons 4 cobras 44 wraiths 4 carnivorous apes 25 ettin zombies 6 leather golems 5 Grey-elves 92 soldiers 5 watchmen 3 horned devils 10 incubi 28 chameleons 4 crocodiles 8 giant beetles 8 quivering blobs 28 cockatrices 11 wolves 9 winter wolf cubs 6 lynxes 2 panthers 2 gremlins 5 spotted jellies 98 leprechauns 5 orc-captains 4 iron piercers 2 mumakil 22 giant spiders 10 scorpions 7 horses 2 ice vortices 6 black lights 20 vampire bats 6 gnome kings 5 orc mummies 4 dwarf mummies 27 brown puddings 11 rust monsters 8 owlbears 8 yetis 10 gold golems 4 werewolves 2 Green-elves 6 piranhas 21 giant eels 12 lizards 9 thugs 2 chickatrices 3 dogs 2 dingos 4 housecats 8 jaguars 5 dwarf lords 4 blue jellies 8 white unicorns 6 gray unicorns a black unicorn 8 dust vortices 5 ravens 3 plains centaurs 4 gnome mummies 5 snakes 11 apes 45 human zombies 3 rope golems 2 Woodland-elves 6 soldier ants 6 fire ants 3 lemures 3 quasits 5 wood nymphs 20 water nymphs 8 mountain nymphs 10 Mordor orcs 16 Uruk-hai 3 orc shamans 7 rock piercers a rock mole 5 ponies 5 fog clouds 7 yellow lights 4 shriekers 6 violet fungi 20 gnome lords 8 gnomish wizards 3 kobold mummies a red naga hatchling a golden naga hatchling 3 guardian naga hatchlings 5 gray oozes 4 barrow wights 15 elf zombies 16 ghouls 4 straw golems 3 paper golems 9 jellyfish 2 baby crocodiles 29 giant ants 2 little dogs 12 floating eyes 4 kittens 25 dwarves 2 kobold shamans 47 hill orcs 10 rothes a rabid rat 3 giant bats 3 monkeys 26 orc zombies 22 dwarf zombies 2 wererats 2 werejackals 5 iguanas 35 killer bees 5 acid blobs 3 coyotes 3 gas spores 14 hobbits 34 manes 5 large kobolds 2 hobgoblins 2 giant rats 9 cave spiders a brown mold 4 yellow molds 2 green molds 3 red molds 62 gnomes 36 garter snakes 19 gnome zombies 7 geckos 14 jackals 3 foxes 4 kobolds 9 goblins 14 sewer rats 21 grid bugs a bat 9 lichens 21 kobold zombies 15 newts 2476 creatures vanquished. Genocided or extinct species: large dogs floating eyes master mind flayers leprechauns (extinct) liches demiliches master liches arch-liches disenchanters trolls ice trolls rock trolls water trolls Olog-hai vampires vampire lords jellyfish piranhas sharks giant eels electric eels krakens 20 species genocided by you, 1 by monsters 1 species extinct. Voluntary challenges: You used a wielded weapon 3593 times, starting on turn 467. You read items or engraved 470 times, starting on turn 356. You genocided 20 types of monsters, starting on turn 16755. You polymorphed 76 items, starting on turn 26998. You changed form 7 times, starting on turn 16953. You used 6 wishes, starting on turn 15216. You wished for your your first artifact on turn 27706. You split 25 puddings, starting on turn 4466. You wrote Elbereth's name 53 times, starting on turn 1286. You violated your moral code, losing 1835 points of alignment, starting on turn 1331. Dungeon overview: The Dungeons of Doom: levels 1 to 29 Level 1 a fountain stairs to The Elemental Planes Level 2 a weapon shop, a fountain stairs to The Gnomish Mines Level 3 Level 4 some fountains, a vault Level 5 many fountains Level 6 a vault stairs to Sokoban Level 7 a fountain, a vault Level 8 a fountain Level 9 Level 10 some fountains Level 11 an armor shop Level 12 a fountain portal to The Quest Level 13 some fountains Level 14 a fountain Level 15 Level 16 (some items in box) a fountain Level 17 a fountain Level 18 Level 19 a fountain, a vault Level 20 Level 21 a fountain, a vault Level 22 (some stuff in box on right) Level 23 a fountain Level 24 a fountain Level 25 Level 26 Level 27 Level 28 Level 29 a fountain Gehennom: levels 30 to 49 Level 30 a temple to Moloch stairs to The Dungeons of Doom Level 31 Level 32 Level 33 Level 34 Level 35 a fountain Level 36 Level 37 Level 38 Level 39 Level 40 Level 41 stairs to Vlad's Tower Level 42 portal to Gehennom Level 43 Level 44 some shops, an altar to Moloch Level 45 Level 46 Level 47 portal to Gehennom Level 48 Level 49 a high altar, a temple to Moloch The Gnomish Mines: levels 3 to 11 Level 3 stairs to The Dungeons of Doom Level 4 Level 5 Level 6 many shops, a temple to Kos Level 7 Level 8 Level 9 Level 10 Level 11 The Quest: levels 1 to 5 Level 1 portal to The Dungeons of Doom Level 2 Level 3 some fountains Level 4 Level 5 Sokoban: levels 2 to 5 Level 2 Level 3 Level 4 Level 5 Solved stairs to The Dungeons of Doom Vlad's Tower: levels 38 to 40 Level 38 Level 39 Level 40 stairs to Gehennom The Elemental Planes: Astral Plane <- You were here some high altars Plane 4 portal to The Elemental Planes Plane 3 portal to The Elemental Planes Plane 2 portal to The Elemental Planes Plane 1 portal to The Elemental Planes History has recorded: On T:1 you entered the Dungeons of Doom to retrieve the Amulet of Yendor! On T:204 you reached level 2 of The Dungeons of Doom. On T:548 you reached level 1 of The Gnomish Mines. On T:598 you advanced to experience level 2. On T:613 you advanced to experience level 3. On T:680 you advanced to experience level 4. On T:1014 you reached level 2 of The Gnomish Mines. On T:1212 you advanced to experience level 5. On T:1723 you reached level 3 of The Gnomish Mines. On T:1749 you reached level 4 of The Gnomish Mines. On T:1829 you advanced to experience level 6. On T:3004 you reached level 5 of The Gnomish Mines. On T:3012 you advanced to experience level 7. On T:3917 you reached level 6 of The Gnomish Mines. On T:4325 you reached level 7 of The Gnomish Mines. On T:5087 you advanced to experience level 8. On T:5320 you reached level 8 of The Gnomish Mines. On T:5592 you reached level 9 of The Gnomish Mines. On T:7017 you reached level 3 of The Dungeons of Doom. On T:7391 you reached level 4 of The Dungeons of Doom. On T:7721 you reached level 5 of The Dungeons of Doom. On T:7933 you reached level 6 of The Dungeons of Doom. On T:8296 you reached level 7 of The Dungeons of Doom. On T:8671 you reached level 8 of The Dungeons of Doom. On T:9041 you reached level 9 of The Dungeons of Doom. On T:9146 you advanced to experience level 9. On T:9385 you reached level 10 of The Dungeons of Doom. On T:9442 you advanced to experience level 10. On T:9857 you reached level 11 of The Dungeons of Doom. On T:10249 you reached level 12 of The Dungeons of Doom. On T:10373 you reached level 13 of The Dungeons of Doom. On T:10687 you reached level 1 of The Quest. On T:11352 you reached level 14 of The Dungeons of Doom. On T:11749 you reached level 15 of The Dungeons of Doom. On T:12281 you reached level 16 of The Dungeons of Doom. On T:12827 you reached level 17 of The Dungeons of Doom. On T:13066 you advanced to experience level 11. On T:13078 you reached level 18 of The Dungeons of Doom. On T:15216 you wished for "blessed greased +2 Blue Dragon scale mail named yee_boii". On T:15558 you reached level 4 of Sokoban. On T:15760 you reached level 3 of Sokoban. On T:16569 you embarked upon an epic quest. On T:16903 you reached level 2 of The Quest. On T:17080 you reached level 3 of The Quest. On T:17093 you advanced to experience level 12. On T:17453 you reached level 4 of The Quest. On T:17515 you advanced to experience level 13. On T:17628 you reached level 5 of The Quest. On T:18103 you advanced to experience level 14. On T:19663 you reached level 19 of The Dungeons of Doom. On T:19921 you reached level 20 of The Dungeons of Doom. On T:20114 you reached level 21 of The Dungeons of Doom. On T:20195 you reached level 22 of The Dungeons of Doom. On T:20744 you reached level 23 of The Dungeons of Doom. On T:20894 you reached level 24 of The Dungeons of Doom. On T:21272 you advanced to experience level 15. On T:21332 you reached level 25 of The Dungeons of Doom. On T:21421 you killed Medusa on level 25 of The Dungeons of Doom. On T:21432 you reached level 26 of The Dungeons of Doom. On T:21627 you reached level 27 of The Dungeons of Doom. On T:21840 you reached level 28 of The Dungeons of Doom. On T:22370 you advanced to experience level 16. On T:22623 you reached The Castle. On T:24036 you reached level 2 of Sokoban. On T:24343 you reached level 1 of Sokoban. On T:26093 you advanced to experience level 17. On T:27435 you advanced to experience level 18. On T:27706 you wished for "blessed greased fixed +2 frost brand named pussy_destroyer_3000". On T:28453 you wished for "blessed greased fixed +2 cloak of magic resistance". On T:28495 you wished for "blessed magic marker". On T:29813 you wished for "2 blessed scrolls of enchant armor". On T:29980 you advanced to experience level 19. On T:31335 you advanced to experience level 20. On T:33623 you killed Master Assassin on level 5 of The Quest. On T:37681 you averted death On T:39152 you completed the quest! On T:39535 you advanced to experience level 21. On T:40015 you reached level 2 of Gehennom. On T:41094 you reached level 3 of Gehennom. On T:41171 you reached level 4 of Gehennom. On T:41896 you reached level 5 of Gehennom. On T:42612 you reached level 6 of Gehennom. On T:42621 you killed Juiblex on level 6 of Gehennom. On T:42730 you reached level 7 of Gehennom. On T:43344 you reached level 8 of Gehennom. On T:43927 you reached level 9 of Gehennom. On T:44215 you reached level 10 of Gehennom. On T:44689 you reached level 11 of Gehennom. On T:45152 you reached level 12 of Gehennom. On T:45347 you reached level 3 of Vlad's Tower. On T:45727 you reached level 13 of Gehennom. On T:46095 you reached level 14 of Gehennom. On T:46716 you reached level 15 of Gehennom. On T:47935 you received Stormbringer from Kos. On T:48925 you killed Asmodeus on level 4 of Gehennom. On T:49133 you killed Baalzebub on level 9 of Gehennom. On T:49365 you reached level 2 of Vlad's Tower. On T:49513 you reached level 1 of Vlad's Tower. On T:49588 you killed Vlad the Impaler on level 1 of Vlad's Tower. On T:50510 you killed Orcus on level 15 of Gehennom. On T:50582 you reached level 16 of Gehennom. On T:51078 you reached level 17 of Gehennom. On T:51506 you reached level 18 of Gehennom. On T:51968 you reached level 19 of Gehennom. On T:56107 you advanced to experience level 22. On T:56146 you killed Wizard of Yendor on level 11 of Gehennom. On T:56287 you killed Wizard of Yendor on level 13 of Gehennom. On T:56295 you killed Wizard of Yendor on level 13 of Gehennom. On T:56306 you performed the invocation. On T:56312 you killed Wizard of Yendor on level 19 of Gehennom. On T:56315 you killed Wizard of Yendor on level 19 of Gehennom. On T:56732 you killed high priest of Moloch on level 20 of Gehennom. On T:56732 you gained the Amulet of Yendor! On T:57703 you killed Wizard of Yendor on level 24 of The Dungeons of Doom. On T:58044 you killed Wizard of Yendor on level 6 of The Dungeons of Doom. On T:58066 you killed Wizard of Yendor on level 5 of The Dungeons of Doom. On T:58125 you killed Wizard of Yendor on level 1 of The Dungeons of Doom. On T:58127 you killed Wizard of Yendor on level 1 of The Dungeons of Doom. On T:58139 you wished for "blessed ring of conflict". On T:58196 you reached the Plane of Earth. On T:58202 you killed Wizard of Yendor on the Plane of Earth. On T:58218 you reached the Plane of Air. On T:58319 you reached the Plane of Fire. On T:58327 you killed Wizard of Yendor on the Plane of Fire. On T:58367 you reached the Plane of Water. On T:58392 you averted death On T:58421 you reached the Astral Plane. On T:58440 you killed Pestilence on the Astral Plane. On T:58475 you averted death On T:58510 you killed Famine on the Astral Plane. On T:58531 you averted death On T:58596 you lost the Amulet of Yendor. On T:58596 you offered the Amulet of Yendor to Kos and ascended to the status of Demigod! Score breakdown: Gold: 3755 (12159 points) Experience: 22 levels (25528 points) Exploration: 49 levels (100.00%) (30000 points) Discoveries: 148 items ( 49.01%) (21001 points) Valuables value: 300 ( 8431 points) Artifact value: 11500 (13813 points) Variety of kills: 283 monsters ( 74.47%) (25889 points) Turncount: 58596 turns (-4990 points) Survival: ascended (score multiplied by 200%) Total score: 263662 Latest messages: You bite it. You hit it. (2x) You can't see! (You can feel around with 'grope', typically on ^G.) You hear a distant zap. Nothing happens. The blast of disintegration hits you! For some reason, you are not affected. You hear fumbling in the distance. The renegade priest of Mog hits! You hear some noises nearby. You feel vaguely nervous. A mysterious force prevents you from teleporting! The red dragon disappears in a puff of logic. A nearby voice intones: "Pilgrim, you enter a sacred place!" You offer the Amulet of Yendor to Kos... An invisible choir sings, and you are bathed in radiance... The voice of Kos booms out: "Congratulations, creature!" "In return for thy service, I grant thee the gift of Immortality!" You ascend to the status of Demigod... Final status: Goodbye Winsometimes the Demigod, ascended... You went to your reward with 263662 points, The Master Key of Thievery (worth 3500 zorkmids) Frost Brand (worth 3000 zorkmids) The Candelabrum of Invocation (worth 5000 zorkmids) 2 amulets of reflection (worth 300 zorkmids), 1 cheap plastic imitation of the Amulet of Yendor (worth 0 zorkmids), and 3755 pieces of gold, after 58596 moves. You were level 22 with a maximum of 193 hit points when you ascended.